 Dungeon Crawl Stone Soup version 0.24.1-14-gf8d2b509d9 (webtiles) character file.

Game seed: 15552023499797437936, levelgen mode: deterministic

812 KlarStein the Insei (level 7, -2/54 HPs)
             Began as a Demonspawn Gladiator on Dec 5, 2020.
             Was a Believer of Dithmenos.
             Slain by Menkaure (11 damage)
             ... on level 5 of the Dungeon.
             The game lasted 00:21:32 (4414 turns).

KlarStein the Insei (Demonspawn Gladiator)          Turns: 4414, Time: 00:21:32

Health: -2/54      AC: 11    Str: 15    XL:     7   Next: 61%
Magic:  0/10       EV: 13    Int: 12    God:    Dithmenos [**....]
Gold:   157        SH:  0    Dex: 16    Spells: 10/10 levels left

rFire    . . .     SeeInvis .     - Unarmed
rCold    . . .     Gourm    .   (no shield)
rNeg     . . .     Faith    .   i - +0 ring mail
rPois    .         Spirit   +   s - +2 helmet {Int+3}
rElec    .         Reflect  .   j - +2 cloak {MR+}
rCorr    .         Harm     .   (no gloves)
MR       +....                  (no boots)
Stlth    +.........             (no amulet)
HPRegen  0.18/turn              (no ring)
MPRegen  0.24/turn              (no ring)

@: wreathed by umbra
A: claws 2, magic shield, magic regeneration
a: Shadow Step, Renounce Religion


You were on level 5 of the Dungeon.
You worshipped Dithmenos.
Dithmenos was pleased with you.
You were not hungry.

You visited 1 branch of the dungeon, and saw 5 of its levels.

You collected 157 gold pieces.

Inventory:

Missiles
 c - 2 throwing nets (quivered)
 n - 26 poisoned darts
Armour
 a - a +0 leather armour
 i - a +0 ring mail (worn)
 j - a +2 cloak of magic resistance (worn)
 o - a +0 ring mail
 s - a +2 helmet of intelligence (worn)
Jewellery
 k - an uncursed ring of magical power {unknown}
Wands
 f - a wand of digging (3)
Potions
 b - a potion of magic {unknown}
 e - a potion of resistance
 h - a potion of degeneration {unknown}
 l - a potion of might {unknown}
 q - a potion of haste {unknown}
Comestibles
 d - 10 rations


   Skills:
 + Level 4.0 Fighting
 - Level 1.7 Throwing
 + Level 2.8 Armour
 + Level 4.2 Dodging
 * Level 5.3 Unarmed Combat
 + Level 2.0 Spellcasting
 - Level 2.1 Invocations


You had 10 spell levels left.
You didn't know any spells.
Your spell library contained the following spells:

 Spells                   Type           Power        Failure   Level  Hunger
 Animate Skeleton         Necr           N/A          45%         1    ##.....
 Apportation              Tloc           #.....       45%         1    ##.....
 Confusing Touch          Hex            #.....       45%         1    ##.....
 Flame Tongue             Conj/Fire      #....        45%         1    ##.....
 Summon Small Mammal      Summ           #...         45%         1    ##.....
 Throw Flame              Conj/Fire      #.....       61%         2    ###....
 Conjure Flame            Conj/Fire      #.......     83%         3    ####...
 Inner Flame              Hex/Fire       #.......     83%         3    ####...
 Sticky Flame             Conj/Fire      #.......     99%         4    #####..
 Fireball                 Conj/Fire      #.........   100%        5    ######.


Dungeon Overview and Level Annotations

Branches:
Dungeon (5/15)
 Temple: D:4-7

Altars:
Dithmenos
Hepliaklqana
Makhleb

Annotations:
D:5 Menkaure


Innate Abilities, Weirdness & Mutations

You have very sharp fingernails.
When hurt, damage is shared between your health and your magic reserves.
You regenerate magic rapidly.


Message History

You barely miss Menkaure.
Menkaure is lightly damaged.
Menkaure barely misses you.
You scratch Menkaure.
Menkaure is moderately damaged.
Menkaure casts a spell at you. You resist with some effort.
You closely miss Menkaure.
Menkaure is moderately damaged.
You scratch Menkaure. Your claw misses Menkaure.
Menkaure is moderately damaged.
Menkaure hits you!
You closely miss Menkaure.
Menkaure is moderately damaged.
Menkaure hits you!
* * * LOW HITPOINT WARNING * * *
You barely miss Menkaure.
Menkaure is moderately damaged.
Menkaure hits you!
You die...

### ..#
..#.###.#
#....".M.#
#..#####@#
#....<...#
##.#####.#
#.# #.#
..# ###


You could see Menkaure.

Vanquished Creatures
  A hippogriff (D:4)
  A sky beast (D:4)
  An ogre (D:4)
  A centaur (D:4)
  A scorpion (D:4)
  2 hounds
  Crazy Yiuf (D:2)
  Jessica (D:3)
  A worker ant (D:4)
  2 hound skeletons (D:4)
  2 adders
  An ooze (D:2)
  4 worms
  5 dart slugs
  6 leopard geckos
  8 orcs
  10 bats
  7 giant cockroaches
  8 goblins
  6 hobgoblins
  7 jackals (D:3)
  3 quokkas
  2 ball pythons
  6 frilled lizards
  A jackal skeleton (D:4)
  7 kobolds
  14 rats
109 creatures vanquished.

Notes
Turn   | Place    | Note
-------+----------+-------------------------------------------
     0 | D:1      | KlarStein the Demonspawn Gladiator began the quest for the
                  | Orb.
     0 | D:1      | Reached XP level 1. HP: 16/16 MP: 1/1
   100 | D:1      | Reached skill level 3 in Unarmed Combat
   100 | D:1      | Gained mutation: You have sharp fingernails. [demonic
                  | ancestry]
   100 | D:1      | Reached XP level 2. HP: 22/22 MP: 2/2
   590 | D:1      | Gained mutation: You have very sharp fingernails. [demonic
                  | ancestry]
   590 | D:1      | Reached XP level 3. HP: 27/27 MP: 3/3
   745 | D:2      | Found a shadowy altar of Dithmenos.
   757 | D:2      | Became a worshipper of Dithmenos the Shadowed
  1087 | D:2      | Reached skill level 1 in Armour
  1730 | D:2      | Reached XP level 4. HP: 34/34 MP: 4/4
  1747 | D:2      | Found a runed translucent door.
  1748 | D:2      | Noticed Crazy Yiuf
  1896 | D:3      | Noticed Jessica
  1906 | D:3      | Killed Jessica
  2009 | D:3      | Reached skill level 1 in Invocations
  2048 | D:3      | Reached * piety under Dithmenos
  2466 | D:3      | Gained mutation: When hurt, damage is shared between your
                  | health and your magic reserves. [demonic ancestry]
  2466 | D:3      | Reached XP level 5. HP: 25/40 MP: 6/6
  2651 | D:3      | Found a burning altar of Makhleb.
  3082 | D:2      | Killed Crazy Yiuf
  3082 | D:2      | Reached skill level 4 in Unarmed Combat
  3346 | D:4      | Noticed a hippogriff
  3346 | D:4      | Noticed a sky beast
  3437 | D:4      | Found a hazy altar of Hepliaklqana.
  3511 | D:4      | Killed a hippogriff
  3511 | D:4      | Reached skill level 1 in Spellcasting
  3511 | D:4      | Gained mutation: You regenerate magic rapidly. [demonic
                  | ancestry]
  3511 | D:4      | Reached XP level 6. HP: 9/47 MP: 1/7
  3769 | D:4      | Reached XP level 7. HP: 39/53 MP: 5/9
  3970 | D:4      | Reached ** piety under Dithmenos
  3997 | D:4      | Reached skill level 5 in Unarmed Combat
  4403 | D:5      | Entered Level 5 of the Dungeon
  4406 | D:5      | Noticed Menkaure
  4414 | D:5      | Slain by Menkaure

Levels and vault maps discovered:
D:1:      moated_graveyard_arrival, layout_rooms, minmay_close_crescents
D:2:      layout_basic, lemuel_doored_altar, first_ration,
          uniq_crazy_yiuf_cottage
D:3:      layout_basic, grunt_ministairs_13, makhleb_heckhound_becter,
          uniq_jessica
D:4:      layout_basic, kennysheep_mini, portal_sewer_entry_f
D:5:      lemuel_ratsnest, layout_basic, nicolae_overflow_hidden_temple,
          chequers_temple_overflow_statue_of_worship,
          minmay_temple_entry_overgrown, basic_altar, serial_shops, shop,
          corner_web_ring, uniq_menkaure, uniq_grinder, uniq_sigmund

Skill      XL: |  1  2  3  4  5  6  7 |
---------------+----------------------+-----
Unarmed Combat | 3 4 5 |  5.3
Dodging        | 3 4 |  4.2
Armour         | 1 2 |  2.8
Invocations    | 1 2 |  2.1
Fighting       | 3 4 |  4.0
Spellcasting   | 1 2 |  2.0
Throwing       | |  1.7

Action                   |  1- 3 |  4- 6 |  7- 9 || total
-------------------------+-------+-------+-------++-------
Melee: Unarmed           |   136 |   152 |    67 ||   355
       Punch             |     2 |     2 |     2 ||     6
Throw: Dart              |       |     3 |       ||     3
       Throwing net      |       |     4 |       ||     4
  Use: Scroll            |       |    11 |     2 ||    13
       Potion            |       |     2 |       ||     2
 Stab: Sleeping          |     1 |       |       ||     1
  Eat: Chunk             |     3 |     6 |     2 ||    11
Armor: Leather armour    |    32 |     9 |       ||    41
       Ring mail         |       |    38 |    13 ||    51
Dodge: Dodged            |    74 |    89 |    35 ||   198
